 Dungeon Crawl Stone Soup version 0.32-a0-571-gec57dfcd37 (webtiles) character file.

Game seed: 7222320278156290844

123 hikkokomori the Trooper (level 4, -4/61 HPs)
             Began as a Mountain Dwarf Wanderer on Mar 1, 2024.
             Slain by a hound (5 damage)
             ... on level 4 of the Dungeon.
             The game lasted 00:08:36 (2784 turns).

hikkokomori the Trooper (Mountain Dwarf Wanderer)   Turns: 2784, Time: 00:08:36

Health: -4/61      AC:  3    Str: 18    XL:     4   Next: 79%
Magic:  7/7        EV: 11    Int: 14    God:
Gold:   231        SH:  0    Dex:  6    Spells: 6/7 levels left

rFire   . . .        a - +1 mace
rCold   . . .        (no shield)
rNeg    . . .        c - +0 leather armour
rPois   .            (no helmet)
rElec   .            (no cloak)
rCorr   .            (no gloves)
SInv    .            (no boots)
Will    .....        (no amulet) Stlth
                     (no ring)
HPRegen 0.30/turn    (no ring)
MPRegen 0.10/turn

%: no passive effects
@: berserking, very quick
A: runic magic, artefact enchanting
a: no special abilities


You were on level 4 of the Dungeon.
You visited 1 branch of the dungeon, and saw 4 of its levels.

You collected 231 gold pieces.

Inventory:

Hand Weapons
 a - a +1 mace (weapon)
 l - the +2 sling of Rop Mimu {flame, Int+2 Dex+6}
   (You found it on level 3 of the Dungeon)

   Int+2:     It affects your intelligence (+2).
   Dex+6:     It affects your dexterity (+6).
Armour
 c - a +0 leather armour (worn)
Wands
 q - a wand of iceblast (2)
Scrolls
 d - a scroll of silence {unknown}
 e - a scroll of enchant weapon {unknown}
 g - a scroll of brand weapon {unknown}
 h - a scroll of poison {unknown}
 j - 3 scrolls of blinking {unknown}
 m - 2 scrolls of teleportation {unknown}
 n - a scroll of revelation {unknown}
 p - a scroll of noise {unknown}
Potions
 b - a potion of attraction
 f - a potion of curing
 i - a potion of heal wounds {unknown}
 k - a potion of berserk rage
 o - a potion of haste


   Skills:
 + Level 4.5 Fighting
 - Level 2.4 Maces & Flails
 - Level 2.0 Spellcasting
 - Level 3.2 Alchemy
 - Level 1.2 Invocations
 - Level 1.1 Evocations


You had 6 spell levels left.
You knew the following spells:

 Your Spells              Type           Power      Damage    Failure   Level
a - Sting                 Conj/Alch      20%        1d4       13%         1

Your spell library contained the following spells:

 Spells                   Type           Power      Damage    Failure   Level
 Slow                     Hex            4%         N/A       24%         1
 Confusing Touch          Hex            1%         N/A       58%         3
 Sigil of Binding         Hex            1%         N/A       58%         3
 Vampiric Draining        Necr           1%         2d6       58%         3
 Fulminant Prism          Conj/Alch      2%         3d5       77%         4
 Petrify                  Alch/Erth      5%         N/A       77%         4


Dungeon Overview and Level Annotations

Branches:
Dungeon (4/15)
 Temple: D:4-7

Altars:
Kikubaaqudgha
Ru


Innate Abilities, Weirdness & Mutations

Your spellcasting is much less encumbered by armour.
You can use scrolls of enchantment on lesser artefacts.


Message History

* * * LOW HITPOINT WARNING * * *
The kobold closely misses you.
You closely miss the kobold.
The kobold is moderately wounded.
The quokka barely misses you. The kobold closely misses you.
The quokka bites you but does no damage.
You hit the kobold.
You kill the kobold!
The quokka bites you.
* * * LOW HITPOINT WARNING * * *
The quokka bites you.
* * * LOW HITPOINT WARNING * * *
Unknown command.
You miss the quokka.
The quokka is severely wounded.
The quokka bites you but does no damage.
Unknown command.
A red film seems to cover your vision as you go berserk!
You feel yourself moving faster!
You feel mighty!
The quokka bites you but does no damage.
You sock the quokka!
You kill the quokka!
You hit the hound.
The hound is lightly wounded.
The hound bites you but does no damage. The hound barely misses you.
You barely miss the hound.
The hound is lightly wounded.
The hound bites you.
* * * LOW HITPOINT WARNING * * *
You closely miss the hound.
The hound is lightly wounded.
The hound closely misses you.
You barely miss the hound.
The hound is lightly wounded.
The hound bites you.
* * * LOW HITPOINT WARNING * * *
You completely miss the hound.
The hound is lightly wounded.
The hound bites you.
You die...

...##.##h.###..###..
..# #. #..##...#....
.# .J. #...#.......? .
.$..#..###....#
.............#
.............## .
......(.#...##### ...
#......####.Jh#.#....#
#...... #..#@....(#
....... #..#)....##
.#..... #....#####
##... ##...# #..##
#... ...# ..##


You could see a hound and an endoplasm.

Vanquished Creatures
  A hound (D:4)
  3 adders
  3 dart slugs
  A ribbon worm (D:2)
  An orc (D:3)
  7 ball pythons
  3 bats
  A bat zombie (D:3)
  2 endoplasms
  3 giant cockroaches
  13 hobgoblins
  4 kobolds
  3 quokkas
  2 frilled lizards
  3 frilled lizard zombies (D:3)
  4 goblins
  A rat (D:1)
55 creatures vanquished.

Notes
Turn   | Place    | Note
-------+----------+-------------------------------------------
     0 | D:1      | hikkokomori the Mountain Dwarf Wanderer began the quest for
                  | the Orb.
     0 | D:1      | hikkokomori set off with the following items: a +1 mace, a
                  | potion of attraction, a +0 leather armour; and the
                  | following spell memorised: Sting; and the following spells
                  | available to memorise: Fulminant Prism, Petrify.
     0 | D:1      | Reached XP level 1. HP: 16/16 MP: 2/2
   240 | D:1      | Reached XP level 2. HP: 22/24 MP: 4/4
   398 | D:1      | Reached skill level 2 in Fighting
  1028 | D:2      | Reached XP level 3. HP: 30/30 MP: 5/5
  1534 | D:2      | Found a faded altar of an unknown god.
  1735 | D:3      | Reached skill level 3 in Fighting
  1760 | D:3      | Identified the +2 sling of Rop Mimu {flame, Int+2 Dex+6}
  2135 | D:3      | Found an ancient bone altar of Kikubaaqudgha.
  2362 | D:3      | Found a sacrificial altar of Ru.
  2528 | D:4      | Reached XP level 4. HP: 40/40 MP: 7/7
  2602 | D:4      | Reached skill level 4 in Fighting
  2783 | D:4      | HP: 1/61 [hound (5)]
  2784 | D:4      | Slain by a hound

Illustrated notes

Levels and vault maps discovered:
D:1:      dpeg_arrival_round_a, layout_loops_ring, minmay_worlds_worst_comb
D:2:      layout_basic, shapermc_ecumenical_altar_petra, chequers_jeans,
          nicolae_wormholes
D:3:      layout_loops_ring, nicolae_ru_path_of_blood,
          lemuel_zombie_altar_kikubaaqudgha
D:4:      layout_cave_pools, minmay_temple_entry_glassed_door,
          gammafunk_ghost_gnarly_gnolls

Skill      XL: |  1  2  3  4 |
---------------+-------------+-----
Fighting       | 2 3 4 |  4.5
Spellcasting   | 2 |  2.0
Maces & Flails | |  2.4
Alchemy        | |  3.2
Invocations    | |  1.2
Evocations     | |  1.1

Action                     |  1- 3 |  4- 6 || total
---------------------------+-------+-------++-------
  Melee: Mace              |   136 |    49 ||   185
   Fire: Sling             |    16 |       ||    16
    Use: Scroll            |     3 |       ||     3
         Potion            |       |     1 ||     1
 Armour: Leather armour    |    95 |    63 ||   158
  Dodge: Dodged            |    93 |    43 ||   136

Table legend: (Time is in decaauts)
 A = Elapsed time spent in this place.
 B = Non-inter-level travel time spent in this place.
 C = Inter-level travel time spent in this place.
 D = Time resting spent in this place.
 E = Time spent auto-exploring this place.
 F = Levels seen in this place.
 G = Mean time per level.
                   A        B        C        D        E       F      G
               +--------+--------+--------+--------+--------+-----+--------+
         Total |   2838 |   2737 |    101 |      0 |   2216 |   4 |  709.5 |
       Dungeon |   2838 |   2737 |    101 |      0 |   2216 |   4 |  709.5 |
               +--------+--------+--------+--------+--------+-----+--------+

Top non-repeatable levels by time:
     D:2: 904 daAuts
     D:3: 849 daAuts
     D:1: 781 daAuts
     D:4: 302 daAuts
